[Event "Titled Tuesday Blitz September 21 2021"]
[White "Lauridsen, Jesper Morch"]
[Black "Krysa, Leandro"]
[WhiteFideId "1401890"]
[BlackFideId "116807"]
[WhiteElo "2267"]
[BlackElo "2490"]
[Result "0-1"]
[Round "02"]
[TimeControl "180+1"]
[Date "2021.09.21"]
[WhiteClock "0:00:17"]
[BlackClock "0:00:14"]

1. e4 c5 2. Nf3 Nc6 3. d4 cxd4 4. Nxd4 g6 5. c4 Nf6 6. Nc3 d6 7. f3 Nxd4 8. Qxd4 Bg7 9. Qf2 O-O 10. Be3 a5 11. Be2 a4 12. a3 Be6 13. Rc1 Nd7 14. O-O Nc5 15. Rfd1 Qa5 16. f4 Bxc3 17. Bxc5 Qxc5 18. Qxc5 dxc5 19. Rxc3 Rfd8 20. Rcc1 Bd7 21. Kf2 Bc6 22. Ke3 f6 23. g3 e5 24. Rxd8+ Rxd8 25. Rd1 Ra8 26. Bg4 exf4+ 27. gxf4 Re8 28. Bf3 Bxe4 29. Bxe4 f5 30. Rd7 Rxe4+ 31. Kd3 Rxf4 32. Rxb7 Rd4+ 33. Kc3 Rh4 34. b4 Rh3+ 35. Kb2 Rxh2+ 36. Kb1 Kf8 37. bxc5 Ke8 38. c6 Kd8 39. Ra7 Kc8 40. Rxa4 f4 41. Ra7 f3 42. Rf7 f2 43. Rf8+ Kc7 44. Rf7+ Kxc6 0-1


[Site "https://www.chess.com"]

[Event "Titled Tuesday Blitz September 21 2021"]
[White "Laurusas, Tomas"]
[Black "Yaniuk, Volodymyr"]
[WhiteFideId "12803731"]
[BlackFideId "14133083"]
[WhiteElo "2573"]
[BlackElo "2207"]
[Result "0-1"]
[Round "02"]
[TimeControl "180+1"]
[Date "2021.09.21"]
[WhiteClock "0:00:04"]
[BlackClock "0:00:08"]

1. d4 d5 2. c4 e6 3. Nc3 Nf6 4. cxd5 exd5 5. Bg5 c6 6. e3 Be7 7. Bd3 h6 8. Bh4 Nbd7 9. Qc2 Nh5 10. Bxe7 Qxe7 11. O-O-O Nb6 12. Nge2 Bg4 13. Kb1 Bxe2 14. Qxe2 Nf6 15. Rc1 O-O-O 16. Qc2 Kb8 17. Qb3 Ne4 18. Bxe4 dxe4 19. a4 Nd5 20. a5 a6 21. Na4 Qb4 22. Qxb4 Nxb4 23. Nc5 Rhe8 24. Rc3 Nd5 25. Rb3 Re7 26. Nxa6+ Ka7 27. Nc5 f5 28. g3 g5 29. h4 f4 30. hxg5 hxg5 31. Rh5 Rg8 32. Rh6 Rgg7 33. Ka2 f3 34. Ne6 Rg8 35. g4 Ka6 36. Nc5+ Ka7 37. Ne6 Ka6 38. Nc5+ Ka7 39. Kb1 Rgg7 40. Ne6 Rg8 41. Kc2 Rge8 42. Nc5 Rg8 43. Kd2 Rf8 44. Rh5 Rg8 45. Rh6 Rf8 46. Rg6 Rh8 47. a6 b6 48. Re6 bxc5 49. Rxc6 cxd4 50. exd4 e3+ 51. fxe3 Rf8 52. Ke1 Nxe3 0-1


[Site "https://www.chess.com"]

[Event "Titled Tuesday Blitz September 21 2021"]
[White "Leitao, Rafael"]
[Black "Altman, Joshua"]
[WhiteFideId "2101246"]
[BlackFideId "426210"]
[WhiteElo "2609"]
[BlackElo "1945"]
[Result "1-0"]
[Round "02"]
[TimeControl "180+1"]
[Date "2021.09.21"]
[WhiteClock "0:00:16"]
[BlackClock "0:00:03"]

1. c4 e5 2. Nc3 Nc6 3. Nf3 Nf6 4. e4 Bc5 5. Nxe5 Bxf2+ 6. Kxf2 Nxe5 7. d4 Neg4+ 8. Kg1 h5 9. h3 Nh6 10. Bg5 d6 11. Nd5 Be6 12. e5 dxe5 13. dxe5 c6 14. exf6 cxd5 15. fxg7 Qb6+ 16. Kh2 Rg8 17. Bxh6 O-O-O 18. c5 Qc7+ 19. g3 d4 20. Bf4 Qc6 21. b4 Bd5 22. b5 Qg6 23. Rg1 Rxg7 24. c6 h4 25. cxb7+ Kxb7 26. Rc1 hxg3+ 27. Rxg3 Qe4 28. Bc4 Qxf4 29. Bxd5+ Rxd5 30. Qf3 Qd2+ 31. Qg2 Qxg2+ 32. Kxg2 Rxg3+ 33. Kxg3 Rxb5 34. h4 Ra5 35. Rh1 Rxa2 36. h5 Ra3+ 37. Kf4 d3 38. h6 d2 39. h7 d1=Q 40. Rxd1 Rh3 41. Rd7+ Kb6 42. Rxf7 a5 43. Kg4 Rh1 44. Kg5 a4 45. Rf6+ Kb5 46. Rh6 Rg1+ 47. Kf6 Rf1+ 48. Kg7 Rg1+ 49. Kf7 Rf1+ 50. Ke7 Re1+ 51. Kd7 Rd1+ 52. Kc7 Rc1+ 53. Kb7 a3 54. h8=Q a2 55. Qb2+ Ka4 56. Rh4+ Ka5 57. Qb4# 1-0


[Site "https://www.chess.com"]

[Event "Titled Tuesday Blitz September 21 2021"]
[White "Machidon, Cristi"]
[Black "Kamsky, Gata"]
[WhiteFideId "13904590"]
[BlackFideId "2000024"]
[WhiteElo "2312"]
[BlackElo "2603"]
[Result "0-1"]
[Round "02"]
[TimeControl "180+1"]
[Date "2021.09.21"]
[WhiteClock "0:00:15"]
[BlackClock "0:00:17"]

1. d4 Nf6 2. Nf3 d5 3. Bg5 Ne4 4. Bh4 c5 5. e3 Nc6 6. c3 Qb6 7. Qb3 c4 8. Qxb6 axb6 9. Nbd2 Bf5 10. a3 b5 11. Rc1 e6 12. Be2 f6 13. Nxe4 Bxe4 14. Bg3 h5 15. h3 Na5 16. Bd1 Bd3 17. Kd2 Kd7 18. Bc2 Be4 19. Rcd1 Nb3+ 20. Bxb3 cxb3 21. Ne1 Be7 22. f3 Bh7 23. Nd3 Rhc8 24. Rhe1 b4 25. axb4 Bxd3 26. Kxd3 Ra2 27. Re2 b5 28. e4 Bf8 29. Rde1 Rca8 30. h4 Ra1 31. Bf4 Rxe1 32. Rxe1 Ra2 33. Bc1 Ra1 34. Bd2 Rxe1 35. Bxe1 Bd6 36. Ke3 g5 37. hxg5 fxg5 38. g3 Ke8 39. f4 Kf7 40. e5 Be7 41. Kf3 Kg6 42. g4 gxf4 43. gxh5+ Kxh5 44. Bd2 Kg5 45. Bxf4+ Kf5 46. Bc1 Bh4 47. Bd2 Bd8 48. Bc1 Be7 49. Bd2 Bh4 50. Bc1 Be1 51. Be3 Bxc3 0-1


[Site "https://www.chess.com"]

[Event "Titled Tuesday Blitz September 21 2021"]
[White "Madaminov, Mukhiddin"]
[Black "Dudognon, Thibault"]
[WhiteFideId "14210703"]
[BlackFideId "20675569"]
[WhiteElo "1855"]
[BlackElo "2175"]
[Result "1-0"]
[Round "02"]
[TimeControl "180+1"]
[Date "2021.09.21"]
[WhiteClock "0:00:33"]
[BlackClock "0:00:17"]

1. e4 c6 2. Nf3 d5 3. Nc3 dxe4 4. Nxe4 Nf6 5. Nxf6+ exf6 6. Bc4 Bd6 7. Qe2+ Be7 8. O-O O-O 9. d4 Bd6 10. h3 Re8 11. Qd3 a5 12. a4 Na6 13. Bxa6 Rxa6 14. Bd2 Be6 15. Rfe1 Ra8 16. b3 b6 17. Rad1 c5 18. d5 Bd7 19. Rxe8+ Bxe8 20. Re1 Ra7 21. Nh4 Re7 22. Rxe7 Bxe7 23. Nf5 g6 24. Ne3 Bd6 25. Nc4 f5 26. Bc3 f6 27. Bb2 Bf7 28. Ne3 Kg7 29. c4 Be5 30. Bxe5 fxe5 31. Nf1 Qd6 32. Nd2 e4 33. Qe3 Qe5 34. f3 Qa1+ 35. Kf2 exf3 36. Nxf3 h6 37. h4 Kf6 38. Qxh6 Qb2+ 39. Kg3 Qxb3 40. Qh8+ Ke7 41. Qe5+ Kd7 42. Qf6 Be8 43. Kh2 Qxa4 44. Ne5+ Kc7 45. Qe7+ Kb8 46. Qd8+ Ka7 47. Qc7+ Ka6 48. Qb8 b5 49. Qa8+ Kb6 50. Qxe8 1-0


[Site "https://www.chess.com"]

[Event "Titled Tuesday Blitz September 21 2021"]
[White "Manafov, Vugar"]
[Black "Spyropoulos, Nikolaos"]
[WhiteFideId "13410814"]
[BlackFideId "4298977"]
[WhiteElo "2274"]
[BlackElo "2159"]
[Result "0-1"]
[Round "02"]
[TimeControl "180+1"]
[Date "2021.09.21"]
[WhiteClock "0:00:05"]
[BlackClock "0:00:05"]

1. Nf3 d5 2. g3 Nf6 3. Bg2 c6 4. O-O Bg4 5. d3 Nbd7 6. Nbd2 e5 7. e4 Bd6 8. h3 Bh5 9. c3 O-O 10. Qc2 Re8 11. Re1 Qc7 12. Nf1 Rad8 13. Nh4 Bf8 14. b4 a5 15. a3 axb4 16. axb4 dxe4 17. dxe4 c5 18. b5 c4 19. g4 Bg6 20. g5 Nh5 21. Ne3 Nf4 22. Nxg6 hxg6 23. Nd5 Nxd5 24. exd5 Nb6 25. Rd1 Bc5 26. Qe4 Qd7 27. Be3 Bxe3 28. Qxe3 Qc7 29. h4 e4 30. Bxe4 Nxd5 31. Qf3 Nxc3 32. Rxd8 Qxd8 33. Bxb7 Ne2+ 34. Kf1 c3 35. Bc6 Nd4 36. Qd3 Nxc6 37. Qxd8 Nxd8 38. Rc1 Ne6 39. Rxc3 Rb8 40. Rb3 Nd4 41. Rb4 Nxb5 42. Kg2 Rb7 43. Rc4 Nd6 44. Ra4 Rd7 45. Rd4 Kf8 46. Kh3 Ke7 47. Rd2 Nf5 48. Re2+ Kd8 49. Ra2 Rd3+ 50. Kg4 Rd4+ 51. f4 Rd3 52. Rg2 Ne3+ 0-1


[Site "https://www.chess.com"]

[Event "Titled Tuesday Blitz September 21 2021"]
[White "Mezentsev, Ivan"]
[Black "Lashkin, Jegor"]
[WhiteFideId "13706195"]
[BlackFideId "13907808"]
[WhiteElo "2295"]
[BlackElo "2293"]
[Result "1-0"]
[Round "02"]
[TimeControl "180+1"]
[Date "2021.09.21"]
[WhiteClock "0:00:12"]
[BlackClock "0:00:27"]

1. d4 Nf6 2. Nf3 d5 3. Bf4 e6 4. e3 Bd6 5. Bg3 O-O 6. Nbd2 b6 7. Ne5 c5 8. c3 Qc7 9. Bd3 Ba6 10. Bxa6 Nxa6 11. f4 Nb8 12. O-O Nc6 13. Bh4 Nd7 14. Rf3 f6 15. Nxd7 Qxd7 16. Qc2 Rac8 17. Qb3 Qf7 18. Raf1 f5 19. Rh3 h6 20. Qd1 b5 21. Be1 b4 22. Nf3 cxd4 23. cxd4 Na5 24. b3 Nc6 25. Bd2 Ne7 26. Ne1 a5 27. Nd3 Rc7 28. Ne1 Rfc8 29. Qe2 Kh7 30. Qa6 Nc6 31. Nf3 Ra7 32. Ng5+ Kg8 33. Nxf7 Rxa6 34. Nxd6 Rc7 35. Rc1 Kf8 36. Rg3 Rb6 37. Rg6 Ke7 38. Nxf5+ exf5 39. Rxg7+ Kd8 40. Rg6 Ne7 41. Rxb6 1-0


[Site "https://www.chess.com"]

[Event "Titled Tuesday Blitz September 21 2021"]
[White "Mischuk, Dmitry"]
[Black "Djokic, Mihailo"]
[WhiteFideId "14118734"]
[BlackFideId "976440"]
[WhiteElo "2369"]
[BlackElo "2008"]
[Result "0-1"]
[Round "02"]
[TimeControl "180+1"]
[Date "2021.09.21"]
[WhiteClock "0:00:05"]
[BlackClock "0:00:11"]

1. e4 c5 2. Nf3 d6 3. d4 cxd4 4. Nxd4 Nf6 5. Nc3 g6 6. Be3 Bg7 7. f3 O-O 8. Qd2 Nc6 9. O-O-O Bd7 10. g4 Rc8 11. h4 Ne5 12. h5 Qa5 13. Nb3 Qc7 14. hxg6 fxg6 15. Bh6 Nxf3 16. Qg2 Bxh6+ 17. Rxh6 Nxg4 18. Be2 Nxh6 19. Bxf3 Be6 20. Rh1 Qb6 21. Nd1 Bxb3 22. axb3 Qxb3 23. Rh3 Qf7 24. e5 Qf4+ 25. Kb1 Nf5 26. Bd5+ Kg7 27. exd6 Qxd6 28. Nc3 b6 29. Be4 Qe5 30. Bd3 e6 31. Ne4 h6 32. Rh1 Ne7 33. Qh3 Rh8 34. Rg1 g5 35. Ng3 Nd5 36. Nh5+ Kf7 37. Qh1 Ke7 38. Re1 Qd4 39. Re4 Qc5 40. Qe1 Rc6 41. Rc4 Qd6 42. Re4 Rf8 43. Ng3 Nf4 44. Bc4 Kd7 45. b3 Kc7 46. Nf1 Nd5 47. Nd2 Nc3+ 48. Kb2 Nxe4 49. Nxe4 Qe5+ 50. Ka2 Rxc4 51. bxc4 Rf4 52. Qb4 Qa5+ 53. Qxa5 bxa5 54. Nc5 Rxc4 55. Nxe6+ Kd6 56. Ng7 Rxc2+ 57. Kb3 Rf2 58. Ne8+ Ke7 59. Nc7 Rf5 60. Na6 g4 61. Nb8 Kd6 62. Na6 g3 63. Nc5 Rxc5 64. Ka4 g2 65. Kb3 g1=Q 66. Ka4 Qd4+ 67. Kb3 Rc3+ 68. Kb2 Qd2+ 69. Kb1 Rc1# 0-1


[Site "https://www.chess.com"]

[Event "Titled Tuesday Blitz September 21 2021"]
[White "Mortazavi, Ali"]
[Black "Xiong, Jeffery"]
[WhiteFideId "401323"]
[BlackFideId "2047640"]
[WhiteElo "2339"]
[BlackElo "2699"]
[Result "0-1"]
[Round "02"]
[TimeControl "180+1"]
[Date "2021.09.21"]
[WhiteClock "0:00:04"]
[BlackClock "0:00:21"]

1. e4 c6 2. d4 d5 3. Nc3 dxe4 4. f3 e5 5. Be3 Nh6 6. dxe5 Qxd1+ 7. Rxd1 exf3 8. Nxf3 Be6 9. Ne4 Nd7 10. Bxh6 gxh6 11. Nd6+ Bxd6 12. exd6 O-O-O 13. Be2 Rhe8 14. O-O Bxa2 15. Bd3 Bd5 16. Bxh7 Nc5 17. Bf5+ Kb8 18. Rfe1 Rxe1+ 19. Nxe1 b5 20. b3 b4 21. Rd4 a5 22. d7 Nxd7 23. Rh4 Nc5 24. Rxh6 Kc7 25. Kf2 Be4 26. Bg4 Bxc2 27. Bf3 Be4 28. h4 Bxf3 29. Nxf3 Nxb3 30. Rh7 a4 31. Rxf7+ Kb6 32. Ne5 a3 33. Rf4 Kb5 34. Rf5 c5 35. Rf7 Na5 0-1


[Site "https://www.chess.com"]

[Event "Titled Tuesday Blitz September 21 2021"]
[White "Moskalenko, Alexander"]
[Black "Gontcharov, Vladislav"]
[WhiteFideId "4155351"]
[BlackFideId "4123492"]
[WhiteElo "2515"]
[BlackElo "2503"]
[Result "1-0"]
[Round "02"]
[TimeControl "180+1"]
[Date "2021.09.21"]
[WhiteClock "0:00:14"]
[BlackClock "0:00:01"]

1. b3 d5 2. Bb2 Bg4 3. g3 c6 4. Bg2 Nd7 5. Nf3 Ngf6 6. O-O e6 7. d3 Bc5 8. Nbd2 Qe7 9. a3 e5 10. h3 Bh5 11. e4 dxe4 12. Nxe4 Nxe4 13. dxe4 Bxf3 14. Qxf3 O-O 15. Rfd1 Rfd8 16. b4 Bb6 17. c4 a5 18. c5 Bc7 19. Qc3 axb4 20. axb4 Nf8 21. Rxa8 Rxa8 22. Bf1 Ne6 23. Qb3 Kf8 24. h4 Rd8 25. Rxd8+ Nxd8 26. Bc4 Qd7 27. b5 cxb5 28. Bxb5 Nc6 29. Qa4 Ke7 30. Bc3 f6 31. h5 h6 32. Qc4 Qe6 33. Qe2 Nd4 34. Bxd4 exd4 35. Bc4 Qe5 36. Qg4 f5 37. exf5 Qf6 38. Qe4+ Kd8 39. Qxb7 Qxf5 40. Qa8+ Ke7 41. Qc6 Qd7 42. Qg6 Kd8 43. Bd3 Qe7 44. Qf5 Qf6 45. Qd5+ Ke7 46. Bf5 Qe5 47. Qd7+ Kf6 48. Bg6 Qe7 49. Qxd4+ Be5 50. Qc4 Qc7 51. c6 1-0


[Site "https://www.chess.com"]

[Event "Titled Tuesday Blitz September 21 2021"]
[White "Nakamura, Hikaru"]
[Black "Materia, Marco"]
[WhiteFideId "2016192"]
[BlackFideId "45150451"]
[WhiteElo "2884"]
[BlackElo "2613"]
[Result "1-0"]
[Round "02"]
[TimeControl "180+1"]
[Date "2021.09.21"]
[WhiteClock "0:01:15"]
[BlackClock "0:00:46"]

1. Nf3 d5 2. d4 Nf6 3. c4 e6 4. Nc3 dxc4 5. e3 a6 6. Bxc4 b5 7. Bb3 Bb7 8. O-O Nbd7 9. Qe2 c5 10. Rd1 Be7 11. d5 exd5 12. Nxd5 Nxd5 13. Bxd5 Bxd5 14. Rxd5 Qc7 15. e4 O-O 16. Bg5 Nb6 17. Rd3 Rad8 18. Rc3 c4 19. Be3 Bc5 20. Nh4 Bxe3 21. Rxe3 Nd7 22. e5 Rfe8 23. f4 Nc5 24. Nf5 Nd3 25. Qg4 g6 26. Nh6+ Kg7 27. Qg5 Qb6 28. Ng4 Re6 29. f5 Rc6 30. Qh6+ Kh8 31. f6 Rg8 32. Kh1 Qd4 33. Qxh7+ Kxh7 34. Rh3# 1-0


[Site "https://www.chess.com"]

[Event "Titled Tuesday Blitz September 21 2021"]
[White "Nenezic, Marko"]
[Black "Martin, Lewis"]
[WhiteFideId "912123"]
[BlackFideId "410551"]
[WhiteElo "2481"]
[BlackElo "2145"]
[Result "1-0"]
[Round "02"]
[TimeControl "180+1"]
[Date "2021.09.21"]
[WhiteClock "0:00:19"]
[BlackClock "0:00:06"]

1. Nf3 Nf6 2. c4 c6 3. e3 d5 4. d4 Bf5 5. Nc3 e6 6. Nh4 Bg4 7. Qb3 Qc8 8. h3 Bh5 9. g4 Bg6 10. Nxg6 hxg6 11. Bg2 dxc4 12. Qxc4 Nbd7 13. Bd2 Nd5 14. Rc1 N7b6 15. Qb3 Nxc3 16. bxc3 Be7 17. a4 O-O 18. a5 Nd7 19. h4 Rb8 20. h5 gxh5 21. gxh5 b5 22. axb6 Rxb6 23. Qc2 c5 24. Rg1 Kh8 25. Qe4 Nf6 26. Qf3 cxd4 27. exd4 Rb2 28. Bf1 Qb7 29. Qxb7 Rxb7 30. h6 g6 31. Bg2 Rb2 32. Ra1 Rfb8 33. Ke2 Nh5 34. Kd3 Bd6 35. Rxa7 Bf4 36. Be3 Bxe3 37. fxe3 Rf8 38. Bf3 Nf6 39. Rb7 Rh2 40. c4 Rxh6 41. c5 Rh3 42. Rh1 Rxh1 43. Bxh1 g5 44. c6 Rc8 45. Kc4 Ne8 46. Kc5 g4 47. Rxf7 Kg8 48. Re7 g3 49. Rxe6 Kf7 50. Re5 Kf6 51. Be4 Ng7 52. Kb6 Ne6 53. d5 Ng5 54. Rf5+ Kg6 55. Rxg5+ Kxg5 56. d6 Re8 57. d7 Rxe4 58. d8=Q+ Kg4 59. c7 g2 60. c8=Q+ Kf3 61. Qf8+ 1-0


[Site "https://www.chess.com"]

[Event "Titled Tuesday Blitz September 21 2021"]
[White "Nesterov, Arseniy"]
[Black "Espinosa Veloz, Ermes"]
[WhiteFideId "24198455"]
[BlackFideId "3507424"]
[WhiteElo "2494"]
[BlackElo "2333"]
[Result "1-0"]
[Round "02"]
[TimeControl "180+1"]
[Date "2021.09.21"]
[WhiteClock "0:00:15"]
[BlackClock "0:00:08"]

1. d4 Nf6 2. c4 g6 3. Nc3 Bg7 4. e4 d6 5. Be2 O-O 6. Be3 c5 7. d5 e6 8. Nf3 exd5 9. cxd5 Re8 10. Nd2 a6 11. a4 Nbd7 12. O-O Rb8 13. h3 h5 14. Bf4 Ne5 15. Bh2 b5 16. axb5 axb5 17. Bxb5 Bd7 18. Bxd7 Nfxd7 19. Qc2 Qb6 20. b3 Rec8 21. Ra4 Bh6 22. Rb1 Ra8 23. Rxa8 Rxa8 24. Nc4 Qa6 25. Bxe5 Nxe5 26. Nxe5 dxe5 27. h4 Bf8 28. g3 Rb8 29. Nd1 c4 30. bxc4 Rxb1 31. Qxb1 Qxc4 32. Ne3 Qd4 33. Qc2 Kg7 34. Kg2 Bc5 35. Nf1 Bb6 36. Nh2 Qb4 37. Nf3 Bd4 38. Ng5 Qe7 39. Qc6 Qf6 40. Qxf6+ Kxf6 41. f4 Bc3 42. Nf3 exf4 43. gxf4 Ke7 44. e5 Kd7 45. Kf2 Bb4 46. Ke3 Bc5+ 47. Ke4 Bf2 48. f5 gxf5+ 49. Kxf5 Bg3 50. Kg5 Bf2 51. Kxh5 Ke7 52. Kg5 Kf8 53. h5 Kg7 54. h6+ Kh7 55. Kh5 Be3 56. Ng5+ Kg8 57. d6 Bb6 58. h7+ Kh8 59. Kh6 Be3 60. d7 Bxg5+ 61. Kxg5 Kg7 62. h8=Q+ 1-0


[Site "https://www.chess.com"]

[Event "Titled Tuesday Blitz September 21 2021"]
[White "Omariev, Maksim"]
[Black "Aradhya, Garg"]
[WhiteFideId "4193423"]
[BlackFideId "25006746"]
[WhiteElo "2456"]
[BlackElo "2146"]
[Result "0-1"]
[Round "02"]
[TimeControl "180+1"]
[Date "2021.09.21"]
[WhiteClock "0:00:10"]
[BlackClock "0:00:18"]

1. e4 e5 2. Nf3 Nc6 3. Bb5 a6 4. Ba4 Nf6 5. O-O b5 6. Bb3 Bc5 7. Nxe5 Nxe5 8. d4 Bxd4 9. Qxd4 d6 10. a4 c5 11. Qe3 O-O 12. Nc3 c4 13. Ba2 b4 14. Ne2 Re8 15. Ng3 Bb7 16. Re1 Nfg4 17. Qd4 Qf6 18. Nf5 g6 19. f4 gxf5 20. fxe5 Nxe5 21. Qf2 Ng4 22. Qg3 Kh8 23. c3 Bxe4 24. Bf4 b3 25. Bb1 Bxb1 26. Raxb1 Ne5 27. Qf2 Nd3 28. Qd2 Nxe1 29. Rxe1 Re4 30. Be3 Kg8 31. Bd4 Qg6 32. Rxe4 fxe4 33. Qf2 Re8 34. Qe3 Qg4 35. h3 Qg6 36. Kh2 f5 37. Qf4 d5 38. Be3 Rd8 39. Bd4 Qd6 40. g3 Qxf4 41. gxf4 Kf7 42. Kg3 Rg8+ 43. Kf2 Kg6 44. a5 Kh5 45. Bf6 Rg6 46. Be7 Re6 47. Bg5 h6 48. Bd8 e3+ 49. Ke2 Re4 50. Bc7 Kh4 51. Be5 Kxh3 52. Bd4 Kg4 53. Bxe3 h5 54. Kf2 h4 55. Bc5 h3 56. Bd6 Re2+ 57. Kg1 Kg3 58. Bc5 Re1# 0-1


[Site "https://www.chess.com"]

[Event "Titled Tuesday Blitz September 21 2021"]
[White "Ozates, Tuna"]
[Black "Salgado Lopez, Ivan"]
[WhiteFideId "6354521"]
[BlackFideId "2257327"]
[WhiteElo "1872"]
[BlackElo "2605"]
[Result "0-1"]
[Round "02"]
[TimeControl "180+1"]
[Date "2021.09.21"]
[WhiteClock "0:00:08"]
[BlackClock "0:00:09"]

1. e4 c6 2. d4 d5 3. Nc3 dxe4 4. Nxe4 Nf6 5. Nxf6+ exf6 6. c3 Bd6 7. Qc2 O-O 8. Bd3 Re8+ 9. Ne2 g6 10. O-O Qc7 11. h3 Nd7 12. Bd2 f5 13. Rae1 Nf6 14. c4 Be6 15. b3 f4 16. f3 Nh5 17. Bc3 Bf8 18. Qd2 Rad8 19. Be4 Bg7 20. Rd1 Qe7 21. d5 cxd5 22. cxd5 Bxd5 23. Bxd5 Qxe2 24. Bxg7 Qxd2 25. Rxd2 Kxg7 26. Rfd1 Ng3 27. Bc4 Rxd2 28. Rxd2 Re1+ 29. Kf2 Re7 30. Rd4 g5 31. a4 h6 32. a5 Nf5 33. Rd8 Ne3 34. Bd3 Rc7 35. Be4 Rc5 36. b4 Rb5 37. Rd4 Kf6 38. Ke2 Ke5 39. Kd3 Nd5 40. Rc4 Nxb4+ 41. Ke2 Na6 42. Rc8 Nc5 43. Re8+ Kf6 44. a6 Nxa6 45. Ra8 Nc5 46. Rxa7 Rb2+ 47. Kf1 Nxe4 48. fxe4 Ke5 49. Ra4 b5 50. Ra7 Kxe4 51. Rxf7 b4 52. Rh7 b3 53. Rxh6 Rc2 54. Re6+ Kd5 0-1


[Site "https://www.chess.com"]

[Event "Titled Tuesday Blitz September 21 2021"]
[White "P., Komal Kishore"]
[Black "Assaubayeva, Bibisara"]
[WhiteFideId "5016703"]
[BlackFideId "13708694"]
[WhiteElo "2156"]
[BlackElo "2232"]
[Result "0-1"]
[Round "02"]
[TimeControl "180+1"]
[Date "2021.09.21"]
[WhiteClock "0:00:46"]
[BlackClock "0:01:36"]

1. e4 c5 2. f4 d6 3. Nf3 g6 4. Bc4 Bg7 5. Nc3 Nc6 6. d3 Nf6 7. O-O O-O 8. Qe1 Bg4 9. Qh4 Bxf3 10. Rxf3 Nd4 11. Rf2 a6 12. a4 b5 13. Bd5 Nxd5 14. Nxd5 e6 15. Qxd8 Rfxd8 16. Nc3 b4 17. Nd1 f5 18. c3 Nb3 19. Rb1 fxe4 20. dxe4 c4 21. cxb4 Nxc1 22. Rxc1 Bd4 23. Rxc4 Bxf2+ 24. Kxf2 Rac8 25. Ne3 Rxc4 26. Nxc4 d5 27. exd5 exd5 28. Na3 Re8 29. g3 d4 30. b5 axb5 31. Nxb5 d3 32. Nc3 d2 33. b4 Re1 34. a5 d1=Q 35. Nxd1 Rxd1 36. a6 Ra1 37. b5 Ra5 38. g4 Rxb5 39. h4 Ra5 40. h5 gxh5 41. gxh5 Rxa6 42. Kg3 Kf7 0-1


[Site "https://www.chess.com"]

[Event "Titled Tuesday Blitz September 21 2021"]
[White "Peralta, Eduardo"]
[Black "Kubicka, Anna"]
[WhiteFideId "3700062"]
[BlackFideId "1152254"]
[WhiteElo "2159"]
[BlackElo "1986"]
[Result "1-0"]
[Round "02"]
[TimeControl "180+1"]
[Date "2021.09.21"]
[WhiteClock "0:00:45"]
[BlackClock "0:00:44"]

1. Nf3 d5 2. g3 g6 3. Bg2 Bg7 4. O-O e5 5. d3 Nc6 6. Nbd2 Nge7 7. e4 O-O 8. c3 h6 9. Re1 Be6 10. Qc2 Qd7 11. b4 a6 12. a4 b5 13. Nb3 d4 14. Nc5 Qc8 15. Nxe6 Qxe6 16. cxd4 exd4 17. Bd2 Qd7 18. Rec1 Rab8 19. axb5 axb5 20. Qb3 Ne5 21. Nxe5 Bxe5 22. Bxh6 Bg7 23. Bf4 Nc6 24. Rc5 Rfe8 25. Rac1 Ne5 26. Rxc7 Qe6 27. Qc2 Qg4 28. Bxe5 Bxe5 29. h3 Qe6 30. Rc6 Qe7 31. f4 Bd6 32. e5 Bxb4 33. Bd5 Bc3 34. Rxg6+ Kh7 35. Rf6 Rf8 36. Qe2 Kg7 37. Qg4+ Kh7 38. Qh5+ Kg7 39. Qg5+ Kh7 40. Rh6# 1-0


[Site "https://www.chess.com"]

[Event "Titled Tuesday Blitz September 21 2021"]
[White "Perez Gormaz, Matias"]
[Black "Johnson, Joel"]
[WhiteFideId "3406342"]
[BlackFideId "2003821"]
[WhiteElo "2352"]
[BlackElo "2217"]
[Result "1-0"]
[Round "02"]
[TimeControl "180+1"]
[Date "2021.09.21"]
[WhiteClock "0:01:19"]
[BlackClock "0:02:20"]

1. e4 a6 2. d4 b5 3. Nf3 Bb7 4. Bd3 e6 5. O-O Nf6 6. Qe2 d6 7. a4 b4 8. Nbd2 Nbd7 9. a5 Rg8 10. c3 bxc3 11. bxc3 g5 12. Rb1 Rb8 13. Bxa6 Bxa6 14. Qxa6 Ra8 15. Qb5 g4 16. Ne1 Rb8 17. Qc6 Rxb1 18. Nxb1 h5 19. a6 h4 20. a7 1-0


[Site "https://www.chess.com"]

[Event "Titled Tuesday Blitz September 21 2021"]
[White "Perez Ponsa, Federico"]
[Black "Skatchkov, Valery"]
[WhiteFideId "117927"]
[BlackFideId "24195812"]
[WhiteElo "2672"]
[BlackElo "2195"]
[Result "1-0"]
[Round "02"]
[TimeControl "180+1"]
[Date "2021.09.21"]
[WhiteClock "0:01:06"]
[BlackClock "0:00:17"]

1. e4 e5 2. Nf3 d5 3. exd5 e4 4. Qe2 Nf6 5. Nc3 Be7 6. Nxe4 Nxd5 7. Qd1 O-O 8. Bc4 Bf5 9. Ng3 Bg6 10. O-O h5 11. Ne5 h4 12. Nxg6 fxg6 13. Ne4 Qd7 14. h3 Kh8 15. d3 Nc6 16. Qg4 Qxg4 17. hxg4 Ndb4 18. c3 Na6 19. d4 Rae8 20. Bg5 Bxg5 21. Nxg5 Nab8 22. Rae1 Nd7 23. f3 Nb6 24. Bf7 Rxe1 25. Rxe1 Ne7 26. Rxe7 1-0


[Site "https://www.chess.com"]

[Event "Titled Tuesday Blitz September 21 2021"]
[White "Petrovskyi, Vadym"]
[Black "Gershon, Alik"]
[WhiteFideId "14165210"]
[BlackFideId "2802430"]
[WhiteElo "2334"]
[BlackElo "2314"]
[Result "1-0"]
[Round "02"]
[TimeControl "180+1"]
[Date "2021.09.21"]
[WhiteClock "0:01:35"]
[BlackClock "0:00:19"]

1. e4 c6 2. d4 d5 3. Nc3 dxe4 4. Nxe4 Nf6 5. Nxf6+ gxf6 6. c3 Bf5 7. Nf3 e6 8. Be2 Rg8 9. g3 Qd5 10. O-O Nd7 11. c4 Qa5 12. a3 Bg4 13. d5 cxd5 14. b4 Qb6 15. cxd5 e5 16. Be3 Qd6 17. Rc1 h5 18. Nh4 Bxe2 19. Qxe2 Qxd5 20. Rfd1 Qe6 21. Qb5 Bd6 22. Nf5 Qxf5 23. Rxd6 Ke7 24. Rcd1 Rgd8 25. Qxb7 Ke8 26. Rxd7 Rxd7 27. Qxa8+ Ke7 28. Bc5+ 1-0


[Site "https://www.chess.com"]

[Event "Titled Tuesday Blitz September 21 2021"]
[White "Piesik, Piotr"]
[Black "Kett, Tim"]
[WhiteFideId "1136194"]
[BlackFideId "1801210"]
[WhiteElo "2365"]
[BlackElo "2098"]
[Result "1-0"]
[Round "02"]
[TimeControl "180+1"]
[Date "2021.09.21"]
[WhiteClock "0:00:43"]
[BlackClock "0:00:02"]

1. Nf3 g6 2. g3 Bg7 3. d4 c5 4. c3 b6 5. dxc5 bxc5 6. Qd5 Nc6 7. Qxc5 Nf6 8. Bg2 Bb7 9. O-O Rc8 10. Qb5 Rb8 11. Qa4 O-O 12. Bg5 Qb6 13. Qb3 Qc7 14. Na3 Ba8 15. Qc2 h6 16. Bxf6 Bxf6 17. Rfd1 d6 18. Rac1 Rfc8 19. Nc4 Nd8 20. Ne3 Qa5 21. a3 Ne6 22. Qd2 Qh5 23. b4 Ng5 24. Nxg5 Bxg2 25. Kxg2 Bxg5 26. f4 Bf6 27. Nd5 Rc4 28. h3 Rbc8 29. g4 Qh4 30. e3 g5 31. Qf2 Qxf2+ 32. Kxf2 gxf4 33. exf4 Kg7 34. Rd3 e6 35. Nxf6 Kxf6 36. Ke3 d5 37. Kd2 d4 38. Rxd4 1-0


[Site "https://www.chess.com"]

[Event "Titled Tuesday Blitz September 21 2021"]
[White "Pinheiro, Iung Alicio de O."]
[Black "Martinez Alcantara, Jose Eduardo"]
[WhiteFideId "2104350"]
[BlackFideId "3805662"]
[WhiteElo "2611"]
[BlackElo "2690"]
[Result "0-1"]
[Round "02"]
[TimeControl "180+1"]
[Date "2021.09.21"]
[WhiteClock "0:00:01"]
[BlackClock "0:00:06"]

1. e4 c5 2. Nc3 d6 3. d4 cxd4 4. Qxd4 Nc6 5. Qd2 g6 6. b3 Bh6 7. f4 Nf6 8. Bb2 O-O 9. Bd3 e5 10. Nge2 Bg4 11. g3 d5 12. Nxd5 Nxd5 13. exd5 Qxd5 14. O-O-O Rad8 15. Nc3 Qe6 16. Rde1 Rd4 17. Kb1 Rfd8 18. Qf2 Rxd3 19. cxd3 Bf5 20. Ne4 Nb4 21. Nc5 Qc6 22. a3 Bxd3+ 23. Ka1 Nc2+ 24. Ka2 Nxe1 25. Rxe1 e4 26. Rc1 Qd5 27. Qd2 Bg7 28. Bxg7 Kxg7 29. Qc3+ Kg8 30. Kb2 b6 31. Nxd3 exd3 32. Rd1 Qe4 33. Rd2 h5 34. a4 a5 35. Qc4 Qe3 36. Qc3 h4 37. gxh4 Qxf4 38. Rxd3 Rxd3 39. Qxd3 Qxh2+ 40. Ka3 Qxh4 41. Qd6 Qf2 0-1


[Site "https://www.chess.com"]